[Event "EYCC Girls U16 2018"]
[Site "Riga"]
[Date "2018.08.24"]
[Round "5"]
[White "Beydullayeva, Govhar"]
[Black "Strukova, Ksenia"]
[Result "1-0"]
[ECO "D70"]
[WhiteElo "2184"]
[BlackElo "1967"]
[Annotator "NA"]
[PlyCount "105"]
[EventDate "2018.08.20"]
[EventType "swiss"]
[EventCountry "LAT"]
[SourceTitle "playchess.com"]
[Source "ChessBase"]
[SourceQuality "1"]
[TimeControl "40/5400+30:1800+30"]

1. d4 Nf6 2. c4 g6 3. Nf3 Bg7 4. g3 d6 5. Bg2 O-O 6. O-O c6 7. Nc3 Qb6 8. e4 Bg4 {[%emt 0:00:08] E62: King's Indian: Fianchetto: 6...c6 and Panno Variation (6...Nc6) without ...a6} 9. Rb1 a5 (9... Nfd7 10. Be3 c5 11. dxc5 dxc5 12. Nd5 Qd8 13. Qb3 b6 14. Nd2 Nc6 15. h3 Be6 16. f4 Nd4 17. Qd1 b5 18. b3 Nb6 19. Rf2 f5 20. Nc3 bxc4 21. e5 {½-½ (21) Karpov,A (2668)-Damljanovic,B (2585) Valjevo 2007}) 10. h3 $146 ({Predecessor:} 10. Be3 Qa6 11. b3 Nbd7 12. Qd2 Bxf3 13. Bxf3 c5 14. Nd5 Nxd5 15. exd5 b6 16. Rfe1 {1-0 (30) Slastikhin,V (1846)-Strukova,K (1994) Voronezh 2018}) 10... Bxf3 11. Bxf3 Nfd7 12. Be3 Na6 13. Be2 Qd8 14. Qd2 f5 15. exf5 Rxf5 16. Rbe1 Nc7 17. Bg4 Rf8 18. Kg2 Nf6 19. Bf3 $16 d5 20. b3 Re8 21. Bf4 dxc4 22. bxc4 Nd7 23. d5 Bxc3 24. Qxc3 cxd5 25. cxd5 Rc8 26. Qb3 Nc5 27. Qc4 N7a6 28. d6+ e6 29. Qb5 Nb4 30. Rd1 Qd7 31. Qe2 Na4 32. Rc1 Nc3 33. Qe5 Nd3 34. Qxa5 Nxc1 35. Rxc1 Nb5 36. Rd1 Ra8 37. Qb6 Nc3 38. Rc1 Nd5 39. Bxd5 exd5 40. Rc7 Qe6 41. Qd4 Qe4+ 42. Qxe4 dxe4 43. d7 Reb8 44. a4 Kf8 45. Bd6+ Kg8 46. a5 h6 47. Kf1 Rd8 48. Be7 Rxd7 49. Rxd7 Rxa5 50. Rxb7 Ra2 51. Bf6 g5 52. Re7 Ra6 53. Bd4 1-0

[Event "EYCC Girls U16 2018"]
[Site "Riga"]
[Date "2018.08.24"]
[Round "5"]
[White "Shpanko, Nadiia"]
[Black "Antova, Gabriela"]
[Result "1/2-1/2"]
[ECO "B22"]
[WhiteElo "2176"]
[BlackElo "2293"]
[Annotator "NA"]
[PlyCount "27"]
[EventDate "2018.08.20"]
[EventType "swiss"]
[EventCountry "LAT"]
[SourceTitle "playchess.com"]
[Source "ChessBase"]
[SourceQuality "1"]
[TimeControl "40/5400+30:1800+30"]

1. e4 c5 2. c3 g6 3. d4 cxd4 4. cxd4 d5 5. exd5 Nf6 6. Bb5+ Nbd7 7. d6 e6 8. Nc3 Bxd6 9. Bh6 Bf8 $11 10. Qd2 Bxh6 11. Qxh6 Ng4 12. Qf4 Ngf6 13. Qh6 Ng4 14. Qf4 1/2-1/2

[Event "EYCC Girls U16 2018"]
[Site "Riga"]
[Date "2018.08.24"]
[Round "5"]
[White "Urh, Zala"]
[Black "Goltseva, Ekaterina"]
[Result "1-0"]
[ECO "C11"]
[WhiteElo "2156"]
[BlackElo "2185"]
[Annotator "NA"]
[PlyCount "95"]
[EventDate "2018.08.20"]
[EventType "swiss"]
[EventCountry "LAT"]
[SourceTitle "playchess.com"]
[Source "ChessBase"]
[SourceQuality "1"]
[TimeControl "40/5400+30:1800+30"]

1. e4 e6 2. d4 d5 3. Nc3 Nf6 4. Bg5 dxe4 5. Nxe4 Be7 6. Bxf6 gxf6 7. Nf3 f5 8. Nc3 a6 {[%emt 0:01:00] C13: French: Classical System: 4 Bg5 Be7, Alekhine-Chatard Attack} 9. Qe2 (9. Qd2 b5 10. O-O-O b4 11. Na4 Qd5 12. b3 Bd7 13. Bc4 Qd6 14. d5 e5 15. Rhe1 e4 16. Nd4 {1-0 (40) Carlsen,M (2832)-Grischuk,A (2750) chess.com INT 2017}) 9... b5 10. O-O-O b4 11. Na4 Qd5 12. Qc4 Qxc4 {[%emt 0:20:13] LiveBook: 4 Games} 13. Bxc4 Bd7 {[%emt 0:00:09] [#]} 14. Nc5 $146 ({Predecessor:} 14. Bb3 Nc6 15. Nc5 Bxc5 16. dxc5 {½-½ (39) Stukopin,A (2587)-Moradiabadi,E (2587) ICC INT 2015}) 14... Bc6 15. Ne5 Bxc5 16. dxc5 Ke7 17. Rhe1 Bb5 18. Bxb5 axb5 19. Kb1 Ra6 20. Rd4 f6 21. Nd3 b3 22. cxb3 Nc6 23. Rh4 Raa8 24. Nf4 Ne5 25. Re3 Rad8 26. Kc2 Rdg8 27. Rg3 Rg5 28. Kc3 Kf7 $18 29. a4 c6 30. Kb4 bxa4 31. bxa4 Ng4 32. Rd3 Ke7 33. Rd6 e5 34. Nh3 Rgg8 35. Rxc6 Rb8+ 36. Rb6 h6 37. Kb5 Kd7 38. a5 Kc7 39. b4 Rh7 40. c6 Re7 41. Rxb8 Kxb8 42. Kb6 e4 43. Nf4 e3 44. fxe3 Rxe3 45. Rh3 Re4 46. Nd5 Re5 47. Rd3 Nf2 48. c7+ 1-0

[Event "EYCC Girls U16 2018"]
[Site "Riga"]
[Date "2018.08.24"]
[Round "5"]
[White "Heydarova, Aytaj"]
[Black "Kocyigit, Buse Naz"]
[Result "0-1"]
[ECO "C41"]
[WhiteElo "2052"]
[BlackElo "1950"]
[Annotator "NA"]
[PlyCount "60"]
[EventDate "2018.08.20"]
[EventType "swiss"]
[EventCountry "LAT"]
[SourceTitle "playchess.com"]
[Source "ChessBase"]
[SourceQuality "1"]
[TimeControl "40/5400+30:1800+30"]

1. e4 e5 2. Nf3 d6 3. d4 exd4 4. Nxd4 Nf6 5. Nc3 Be7 6. g3 O-O 7. Bg2 Bd7 8. O-O Nc6 9. Nf5 Bxf5 10. exf5 Rb8 11. g4 Ne8 $16 12. Nd5 Bh4 13. f4 h6 14. Qd2 Nf6 15. Nxf6+ Bxf6 16. g5 Bd4+ 17. Kh1 Bb6 18. Be4 hxg5 19. fxg5 Re8 20. Qg2 Qe7 21. Bd3 Nb4 22. f6 Qe6 23. Bf4 Nxd3 24. cxd3 Qe2 25. Qh3 Re6 26. fxg7 Kxg7 27. Qf5 Qh5 28. Bd2 Bd4 29. Rac1 Rh8 30. h3 Qxh3+ 0-1

[Event "EYCC Girls U16 2018"]
[Site "Riga"]
[Date "2018.08.24"]
[Round "5"]
[White "Bulatova, Kamaliya"]
[Black "Djidjeli, Sarah"]
[Result "1-0"]
[ECO "D85"]
[WhiteElo "2043"]
[BlackElo "1961"]
[Annotator "NA"]
[PlyCount "79"]
[EventDate "2018.08.20"]
[EventType "swiss"]
[EventCountry "LAT"]
[SourceTitle "playchess.com"]
[Source "ChessBase"]
[SourceQuality "1"]
[TimeControl "40/5400+30:1800+30"]

1. d4 Nf6 2. c4 g6 3. Nc3 d5 4. cxd5 Nxd5 5. Bd2 Bg7 6. e4 Nxc3 7. Bxc3 O-O 8. Qd2 c6 9. Nf3 Nd7 10. Bd3 Nf6 11. O-O b6 12. a4 a5 13. Rfe1 Bb7 14. Qc2 Rc8 $14 15. Rad1 Qc7 16. Qb3 Nd7 17. Bc4 e6 18. Re3 Bh6 19. Ree1 Bg7 20. h3 Rfd8 21. Ng5 h6 22. Nxf7 Kxf7 23. Bxe6+ Ke7 24. d5 Nc5 25. Qa3 Bxc3 26. bxc3 Rb8 27. c4 Qe5 28. g3 g5 29. Rb1 Qc7 30. Bf5 Ba6 31. Qc3 Rg8 32. e5 Kd8 33. e6 Ke7 34. d6+ Qxd6 35. Rbd1 Nxa4 36. Qa1 Qb4 37. Rd7+ Ke8 38. Qf6 Qxe1+ 39. Kg2 Qc3 40. Qe7# 1-0

[Event "EYCC Girls U16 2018"]
[Site "Riga"]
[Date "2018.08.24"]
[Round "5"]
[White "Nestorovic, Katarina"]
[Black "Kucharska, Honorata"]
[Result "1/2-1/2"]
[ECO "C13"]
[WhiteElo "1995"]
[BlackElo "2030"]
[Annotator "NA"]
[PlyCount "70"]
[EventDate "2018.08.20"]
[EventType "swiss"]
[EventCountry "LAT"]
[SourceTitle "playchess.com"]
[Source "ChessBase"]
[SourceQuality "1"]
[TimeControl "40/5400+30:1800+30"]

1. e4 e6 2. d4 d5 3. Nc3 Nf6 4. Bg5 Be7 5. e5 Nfd7 6. h4 h6 7. Bxe7 Qxe7 8. Qd2 O-O 9. O-O-O c5 10. f4 f6 11. exf6 Qxf6 12. Nh3 Nc6 13. dxc5 Nxc5 14. g4 d4 ({Finger weg von} 14... Qxh4 15. Qg2 $15) 15. Nb5 $16 e5 16. Bc4+ Be6 17. g5 Qf7 18. Bxe6 Qxe6 19. Kb1 Rad8 20. fxe5 d3 21. c3 Nxe5 22. Qe3 Ncd7 23. Nd4 Qb6 24. gxh6 gxh6 25. Nf4 Qxb2+ 26. Kxb2 Nc4+ 27. Kb1 Nxe3 28. Rxd3 Nc5 29. Rg1+ Kh7 30. Rxe3 Rxf4 31. Re7+ Kh8 32. Rgg7 Rf2 33. Rh7+ Kg8 34. Rxh6 Na4 35. Rc7 Nxc3+ 1/2-1/2

[Event "EYCC Girls U16 2018"]
[Site "Riga"]
[Date "2018.08.24"]
[Round "5"]
[White "Sibajeva, Marija"]
[Black "Ferkova, Dominika"]
[Result "1/2-1/2"]
[ECO "B18"]
[WhiteElo "1941"]
[BlackElo "2180"]
[Annotator "NA"]
[PlyCount "82"]
[EventDate "2018.08.20"]
[EventType "swiss"]
[EventCountry "LAT"]
[SourceTitle "playchess.com"]
[Source "ChessBase"]
[SourceQuality "1"]
[TimeControl "40/5400+30:1800+30"]

1. e4 c6 2. d4 d5 3. Nc3 dxe4 4. Nxe4 Bf5 5. Ng3 Bg6 6. Nh3 Nf6 7. Nf4 e5 8. Nxg6 hxg6 9. dxe5 Qa5+ 10. Bd2 Qxe5+ 11. Qe2 Nbd7 12. O-O-O O-O-O 13. Qxe5 Nxe5 14. h3 Nd5 15. Be2 f6 16. Rhe1 Rh4 17. Bf1 $11 Be7 18. Re4 Rxe4 19. Nxe4 f5 20. Nc3 Nxc3 21. Bxc3 Bg5+ 22. Bd2 Bf6 23. Bc3 Bg5+ 24. Bd2 Rxd2 25. Rxd2 Bxd2+ 26. Kxd2 Kd7 27. Ke3 Ke7 28. Be2 g5 29. g3 b6 30. Bf1 Ke6 31. Be2 Ng6 32. Bf3 Ne7 33. Kd4 Kd6 34. Bg2 Ng6 35. Bf3 c5+ 36. Ke3 Ke5 37. Kd3 Kd6 38. Ke3 Ne5 39. Be2 Ke6 40. Ba6 g4 41. h4 Kf6 {[%emt 0:08:18] Ke4} 1/2-1/2

[Event "EYCC Girls U16 2018"]
[Site "Riga"]
[Date "2018.08.26"]
[Round "6"]
[White "Antova, Gabriela"]
[Black "Urh, Zala"]
[Result "1/2-1/2"]
[ECO "D37"]
[WhiteElo "2293"]
[BlackElo "2156"]
[Annotator "NA"]
[PlyCount "94"]
[EventDate "2018.08.20"]
[EventType "swiss"]
[EventCountry "LAT"]
[SourceTitle "playchess.com"]
[Source "ChessBase"]
[SourceQuality "1"]
[TimeControl "40/5400+30:1800+30"]

1. d4 Nf6 2. c4 e6 3. Nf3 d5 4. Nc3 Nbd7 5. e3 a6 6. b3 {[%emt 0:05:43] D37: Queen's Gambit Declined: 5 Bf4} b6 7. Bd3 (7. Bb2 Bb7 8. Bd3 Bd6 9. O-O O-O 10. Re1 Ne4 11. a3 f5 12. b4 dxc4 13. Bxc4 Qe7 14. Nxe4 fxe4 15. Ne5 Bxe5 16. dxe5 Rf5 17. Ra2 b5 {0-1 (27) Timofeev,A (2583)-Khismatullin,D (2627) Yaroslavl 2018}) 7... Bb7 8. O-O Bd6 9. Qe2 O-O 10. cxd5 exd5 11. Bb2 Re8 12. Rac1 Ne4 13. Rfd1 f5 $146 ({Predecessor:} 13... Qf6 14. Nb1 Re6 15. Qc2 Qh6 16. Ne5 Ndf6 {0-1 (32) Miladinovic,L (2074)-Nestorovic,L (2428) Senta 2011}) 14. Qc2 Qe7 15. a3 Rf8 16. Ne2 Rac8 17. b4 g5 18. Qb3 g4 19. Ne5 Nxe5 20. dxe5 Bxe5 21. Bxe4 fxe4 22. Bxe5 Qxe5 23. a4 Rf6 24. Rd2 h5 25. Rcd1 Rd8 26. b5 a5 27. Rd4 Rfd6 28. Nf4 R8d7 29. Qc2 Kg7 30. Qe2 Kh6 31. g3 Rd8 32. Kg2 Qg5 33. Qc2 Qe7 34. Qe2 Qg5 35. Rc1 R8d7 36. Rh1 Rf7 37. Rhd1 Rfd7 38. Qd2 Rd8 39. Rc1 R8d7 40. Rh1 Rd8 41. Qc1 Qe7 42. Qd1 Qg5 43. Qb3 Qe5 $11 44. Qc2 Qe7 45. Qd1 Qg5 46. Qc2 Qe7 47. Qd1 Qg5 1/2-1/2

[Event "EYCC Girls U16 2018"]
[Site "Riga"]
[Date "2018.08.26"]
[Round "6"]
[White "Goltseva, Ekaterina"]
[Black "Rudzinska, Michalina"]
[Result "0-1"]
[ECO "A79"]
[WhiteElo "2185"]
[BlackElo "2003"]
[Annotator "NA"]
[PlyCount "90"]
[EventDate "2018.08.20"]
[EventType "swiss"]
[EventCountry "LAT"]
[SourceTitle "playchess.com"]
[Source "ChessBase"]
[SourceQuality "1"]
[TimeControl "40/5400+30:1800+30"]

1. d4 Nf6 2. c4 e6 3. Nc3 c5 4. d5 exd5 5. cxd5 d6 6. Nf3 g6 7. Nd2 Bg7 8. e4 O-O 9. Be2 Re8 10. O-O Na6 11. f3 Nc7 12. a4 b6 13. Kh1 Rb8 14. Nc4 Ba6 15. Bg5 h6 16. Be3 Qe7 17. Qd2 Kh7 18. b3 Nd7 19. Rfe1 Ne5 20. f4 Nxc4 21. bxc4 Qf8 22. Bd3 Bc8 23. Qc2 Na6 24. Na2 Bxa1 25. Rxa1 Rb7 26. f5 Bxf5 27. Rf1 Bc8 28. e5 Qg7 29. e6 fxe6 30. dxe6 Rxe6 31. Qf2 Rbe7 32. Bd2 Bd7 33. Qh4 Nb4 34. Nxb4 cxb4 35. Bxb4 Rf7 36. Rxf7 Qxf7 37. Bc3 Re8 38. h3 Bf5 39. Qd4 Bxd3 40. Qxd3 Rf8 41. Kg1 Qf2+ 42. Kh2 Qf1 43. Qc2 Qxc4 44. Qb2 Qf4+ 45. Kh1 Qf1+ 0-1

[Event "EYCC Girls U16 2018"]
[Site "Riga"]
[Date "2018.08.26"]
[Round "6"]
[White "Ferkova, Dominika"]
[Black "Nestorovic, Katarina"]
[Result "0-1"]
[ECO "E48"]
[WhiteElo "2180"]
[BlackElo "1995"]
[Annotator "NA"]
[PlyCount "92"]
[EventDate "2018.08.20"]
[EventType "swiss"]
[EventCountry "LAT"]
[SourceTitle "playchess.com"]
[Source "ChessBase"]
[SourceQuality "1"]
[TimeControl "40/5400+30:1800+30"]

1. d4 Nf6 2. c4 e6 3. Nc3 Bb4 4. e3 O-O 5. Bd3 d5 6. Nf3 c6 7. O-O Re8 8. Ne5 Nbd7 9. f4 dxc4 10. Bxc4 Nd5 $14 11. Bd3 f5 12. Nxd5 cxd5 13. g4 Nxe5 14. fxe5 Rf8 15. gxf5 exf5 16. Kh1 Be6 17. Qh5 Qd7 18. a3 Be7 19. Bd2 Kh8 20. Rf3 g6 21. Qh6 Rg8 22. Rg1 Bf8 23. Qf4 Rc8 24. h4 h5 25. Rfg3 Kh7 26. Qf3 Bh6 27. Bb4 Qd8 28. Rh3 a5 29. Bd6 Qb6 30. Qe2 Qb3 31. Rhg3 Qb6 32. Be7 Rc6 33. Qg2 Qc7 34. Rxg6 Qxe7 35. Qg3 Qf7 36. Rxg8 Qxg8 37. Bxf5+ Kh8 38. Bg6 Bf7 39. Bxf7 Qxf7 40. Qh3 Qh7 41. Qf3 Qd7 42. Rg2 b5 43. Kh2 Qe8 44. Re2 Rg6 45. Qxd5 Rg4 46. Kh3 Qe7 0-1

[Event "EYCC Girls U16 2018"]
[Site "Riga"]
[Date "2018.08.26"]
[Round "6"]
[White "Schneider, Jana"]
[Black "Shpanko, Nadiia"]
[Result "1/2-1/2"]
[ECO "B51"]
[WhiteElo "2179"]
[BlackElo "2176"]
[Annotator "NA"]
[PlyCount "120"]
[EventDate "2018.08.20"]
[EventType "swiss"]
[EventCountry "LAT"]
[SourceTitle "playchess.com"]
[Source "ChessBase"]
[SourceQuality "1"]
[TimeControl "40/5400+30:1800+30"]

1. e4 c5 2. Nf3 d6 3. Bb5+ Nd7 4. d4 cxd4 5. Qxd4 Ngf6 6. Bg5 e5 7. Qe3 Be7 8. Bxf6 Bxf6 9. Nc3 O-O 10. Bxd7 Bxd7 11. O-O-O Qa5 12. Rxd6 Be6 13. Kb1 Be7 14. Rdd1 Bc5 15. Qe2 Rfd8 16. Nxe5 Bd4 17. Nc4 Qc5 18. Nd5 Bxd5 19. exd5 Rxd5 20. f4 Rc8 21. Ne5 Bxe5 22. Rxd5 Qxd5 23. fxe5 Rd8 24. Rf1 g6 25. b3 Re8 26. Re1 Re6 27. g4 Qd8 28. Qf2 b6 29. h4 Qe7 30. h5 Rxe5 31. Rxe5 Qxe5 32. h6 f6 33. Qf3 Kf7 34. a4 Qe1+ 35. Kb2 Qe5+ 36. Ka2 Ke6 37. Qb7 Qc3 38. Kb1 Qe1+ 39. Kb2 Qe5+ 40. Ka2 Qc3 41. Kb1 Qe1+ 42. Kb2 Qe5+ 43. c3 Qh2+ 44. Ka3 Qxh6 45. Qxa7 Qc1+ 46. Kb4 Qf4+ 47. Kb5 Qe5+ 48. Kxb6 Qe3+ 49. Ka6 Qxa7+ 50. Kxa7 h5 51. gxh5 gxh5 52. b4 h4 53. b5 h3 54. b6 h2 55. b7 h1=Q 56. b8=Q Qc6 57. a5 Kd7 58. a6 Qc7+ 59. Ka8 Qc8 60. Ka7 Qc7+ 1/2-1/2

[Event "EYCC Girls U16 2018"]
[Site "Riga"]
[Date "2018.08.26"]
[Round "6"]
[White "Kucharska, Honorata"]
[Black "Peycheva, Gergana"]
[Result "1-0"]
[ECO "C00"]
[WhiteElo "2030"]
[BlackElo "2261"]
[Annotator "NA"]
[PlyCount "91"]
[EventDate "2018.08.20"]
[EventType "swiss"]
[EventCountry "LAT"]
[SourceTitle "playchess.com"]
[Source "ChessBase"]
[SourceQuality "1"]
[TimeControl "40/5400+30:1800+30"]

1. e4 e6 2. d3 d5 3. Nd2 Nc6 4. Ngf3 Nf6 5. Be2 e5 6. O-O Bd6 7. c3 O-O 8. b4 a6 9. a3 Ne7 10. c4 c6 11. Qc2 Ng6 12. Re1 $11 Re8 13. Nf1 Be6 14. Ng3 a5 15. Rb1 Qd7 16. Bg5 Be7 17. Qb2 d4 18. b5 h6 19. Bd2 c5 20. Qc1 Kh7 21. Rf1 Rf8 22. Ne1 Ne8 23. f4 exf4 24. Bxf4 Nxf4 25. Qxf4 Bg5 26. Qf3 Nd6 27. e5 Nc8 28. Ne4 Be7 29. Qg3 Qd8 30. Bg4 Nb6 31. Nf3 Nd7 32. Bxe6 fxe6 33. Qh3 Rf5 34. Ng3 Rxf3 35. gxf3 Nxe5 36. Qxe6 Ng6 37. f4 Bd6 38. Qe4 Qf6 39. Nf5 Bxf4 40. Rxf4 Nxf4 41. Qxf4 Rf8 42. Rf1 Qg6+ 43. Kh1 Rf6 44. Qe4 Kh8 45. Ng3 Qxe4+ 46. dxe4 1-0

[Event "EYCC Girls U16 2018"]
[Site "Riga"]
[Date "2018.08.26"]
[Round "6"]
[White "Khachatryan, Anna"]
[Black "Schulze, Lara"]
[Result "1-0"]
[ECO "A05"]
[WhiteElo "1969"]
[BlackElo "2167"]
[Annotator "NA"]
[PlyCount "129"]
[EventDate "2018.08.20"]
[EventType "swiss"]
[EventCountry "LAT"]
[SourceTitle "playchess.com"]
[Source "ChessBase"]
[SourceQuality "1"]
[TimeControl "40/5400+30:1800+30"]

1. Nf3 Nf6 2. g3 b5 3. Bg2 Bb7 4. O-O e6 5. d3 d6 6. b3 Be7 7. Bb2 O-O 8. Nbd2 c5 9. c4 a6 10. e3 Nbd7 11. Qe2 d5 12. Ne5 Nxe5 13. Bxe5 Qb6 14. Rfd1 Rfd8 15. g4 Nd7 16. Bg3 a5 17. a4 dxc4 18. dxc4 Bxg2 19. Kxg2 Bf6 20. Ra2 bxa4 21. bxa4 Qc6+ 22. Qf3 Ne5 23. Bxe5 Qxf3+ 24. Kxf3 Bxe5 25. Rb1 Bc3 26. Ke2 Bb4 27. Nb3 Kf8 28. Rd1 Ke7 29. Raa1 h5 30. h3 Rxd1 31. Rxd1 hxg4 32. hxg4 Rh8 33. Kf3 g5 34. Rg1 Kd6 35. Nc1 Kc6 36. Nd3 f6 37. Rd1 Rb8 38. Rb1 Rd8 39. Rd1 Rd7 40. Ke2 Rh7 41. Kf3 Rb7 42. Rb1 Rd7 43. Ke2 Rh7 44. f3 Rb7 45. Nf2 f5 46. gxf5 exf5 47. Nd3 Rh7 48. Rg1 Rg7 49. Rh1 Kb7 50. e4 fxe4 51. fxe4 g4 52. Rg1 g3 53. Ke3 Kb6 54. Rg2 Bc3 55. Kf4 Rd7 56. Rxg3 Rd4 57. Ne5 Bb4 58. Rd3 Kc7 59. Rxd4 cxd4 60. Nd3 Kd7 61. Ke5 Bc3 62. Kd5 Ke7 63. c5 Kd7 64. e5 Ke7 65. c6 1-0

[Event "EYCC Girls U16 2018"]
[Site "Riga"]
[Date "2018.08.26"]
[Round "6"]
[White "Kocyigit, Buse Naz"]
[Black "Beydullayeva, Govhar"]
[Result "1/2-1/2"]
[ECO "A43"]
[WhiteElo "1950"]
[BlackElo "2184"]
[Annotator "NA"]
[PlyCount "119"]
[EventDate "2018.08.20"]
[EventType "swiss"]
[EventCountry "LAT"]
[SourceTitle "playchess.com"]
[Source "ChessBase"]
[SourceQuality "1"]
[TimeControl "40/5400+30:1800+30"]

1. d4 c5 2. d5 d6 3. c4 g6 4. Nc3 Bg7 5. Qc2 Nf6 6. e4 O-O 7. Bd3 e6 8. h3 exd5 9. cxd5 Re8 10. Nf3 a6 11. a4 Qc7 12. Nd2 Nbd7 13. Nc4 $11 Rb8 14. a5 b5 15. axb6 Nxb6 16. O-O Nxc4 17. Bxc4 Rb4 18. Na2 Rb6 19. f3 Nh5 20. g4 Bd4+ 21. Kg2 Ng7 22. Nc3 f5 23. Bd2 fxe4 24. fxe4 Qe7 25. Rf3 Qh4 26. Raf1 Be5 27. Be1 Qe7 28. Bd2 Qh4 29. Be1 Qe7 30. Bd2 Rb8 31. b3 Qh4 32. Be1 Qe7 33. Bd2 Qh4 34. Be1 Qg5 35. Bd2 Qe7 36. Bd3 Bb7 37. Na4 Bc8 38. Nb2 Qb7 39. Be2 h5 40. g5 Qe7 41. Nc4 Bd4 42. Bf4 Nf5 43. exf5 Qxe2+ 44. Qxe2 Rxe2+ 45. Kg3 Bxf5 46. Nxd6 Bc2 47. Nf5 Rxb3 48. Rxb3 Bxb3 49. d6 Ba4 50. Nxd4 cxd4 51. Ra1 Bd7 52. Rd1 a5 53. Rxd4 a4 54. Rd3 Kf8 55. Rc3 Re1 56. Kf2 Rh1 57. Kg2 Rd1 58. Re3 Rd4 59. Be5 Rd2+ 60. Kg3 1/2-1/2

[Event "EYCC Girls U16 2018"]
[Site "Riga"]
[Date "2018.08.26"]
[Round "6"]
[White "Aubert, Estee"]
[Black "Srdanovic, Jovana"]
[Result "1-0"]
[ECO "A06"]
[WhiteElo "1934"]
[BlackElo "2128"]
[Annotator "NA"]
[PlyCount "75"]
[EventDate "2018.08.20"]
[EventType "swiss"]
[EventCountry "LAT"]
[SourceTitle "playchess.com"]
[Source "ChessBase"]
[SourceQuality "1"]
[TimeControl "40/5400+30:1800+30"]

1. Nf3 d5 2. e3 Nf6 3. c4 c6 4. Nc3 e6 5. b3 Nbd7 6. Bb2 Bd6 7. Qc2 Qe7 8. Rg1 h5 9. h3 h4 10. Ne2 e5 11. g4 hxg3 12. Nxg3 g6 13. a3 e4 14. Nd4 Ne5 15. Rh1 a6 16. b4 Bd7 17. c5 Bc7 18. Qc3 Nh5 19. Nxh5 Rxh5 20. Kd1 Ng4 21. Kc2 Nxf2 22. Be2 Rh4 23. Rhf1 Nxh3 24. Nb3 f5 25. Rh1 O-O-O 26. a4 f4 27. b5 Bf5 28. bxa6 bxa6 29. Nd4 Kd7 30. Bxa6 Rb8 31. Ba3 fxe3 32. Nxc6 Qf7 33. Nxb8+ Bxb8 34. Bb5+ Kc8 35. dxe3 Rg4 36. Ba6+ Kd7 37. c6+ Ke6 38. Bc8+ 1-0

[Event "EYCC Girls U16 2018"]
[Site "Riga"]
[Date "2018.08.27"]
[Round "7"]
[White "Bucur, Denisa Andreea"]
[Black "Grigorieva, Yulia"]
[Result "1/2-1/2"]
[ECO "D76"]
[WhiteElo "2077"]
[BlackElo "1992"]
[Annotator "NA"]
[PlyCount "73"]
[EventDate "2018.08.20"]
[EventType "swiss"]
[EventCountry "LAT"]
[SourceTitle "playchess.com"]
[Source "ChessBase"]
[SourceQuality "1"]
[TimeControl "40/5400+30:1800+30"]

1. d4 Nf6 2. Nf3 g6 3. c4 Bg7 4. g3 d5 5. cxd5 O-O 6. Bg2 Nxd5 7. O-O Nb6 8. Nc3 Nc6 9. d5 Na5 10. Qc2 c6 11. dxc6 Nxc6 12. Rd1 Qe8 13. Bf4 Bf5 14. Qc1 Rc8 15. Bh6 e5 16. Bxg7 Kxg7 {[%emt 0:00:09] LiveBook: 5 Games} 17. b3 f6 18. Qb2 e4 19. Nh4 Qe5 20. Nxf5+ gxf5 $11 21. f4 exf3 22. Bxf3 Nd4 23. Rd3 Rfd8 24. Kg2 Nxf3 25. Rxf3 Rc5 26. Kf1 Rdc8 27. Nd1 Qxb2 28. Nxb2 Rc1+ 29. Rxc1 Rxc1+ 30. Kf2 Rc2 31. Nd3 Nd5 32. Nf4 Nxf4 33. Rxf4 Rxa2 34. Rxf5 Rb2 35. Rb5 b6 36. h4 Kf7 37. g4 1/2-1/2

[Event "EYCC Girls U16 2018"]
[Site "Riga"]
[Date "2018.08.27"]
[Round "7"]
[White "Jarocka, Liwia"]
[Black "Khachatryan, Anna"]
[Result "0-1"]
[ECO "B35"]
[WhiteElo "2013"]
[BlackElo "1969"]
[Annotator "NA"]
[PlyCount "156"]
[EventDate "2018.08.20"]
[EventType "swiss"]
[EventCountry "LAT"]
[SourceTitle "playchess.com"]
[Source "ChessBase"]
[SourceQuality "1"]
[TimeControl "40/5400+30:1800+30"]

1. e4 c5 2. Nf3 Nc6 3. d4 cxd4 4. Nxd4 g6 5. Nc3 Bg7 6. Be3 Nf6 7. Bc4 O-O 8. Bb3 a5 9. O-O a4 10. Nxa4 Nxe4 11. Nb5 Ra6 {[%emt 0:01:31] B35: Sicilian: Accelerated Dragon with 5 Nc3: main line} 12. Qe2 (12. f3 Nf6 13. c4 d6 14. Nac3 Na5 15. Rc1 Be6 16. Ne2 d5 17. c5 Nxb3 18. axb3 Bd7 19. Nbc3 {1-0 (36) Almasi,Z (2689)-Istratescu,A (2602) Bastia 2015}) 12... Na5 13. c4 Nxb3 14. axb3 Nf6 15. Rfe1 d6 16. h3 Bd7 17. Rad1 Bxb5 18. cxb5 Ra8 19. Bb6 Qd7 $146 20. Qxe7 Qxb5 21. Qxd6 Qxb3 22. Nc5 Qxb2 23. Rb1 Qc2 24. Rbc1 Qb2 25. Nd3 Qb5 26. Rb1 Qc6 27. Qxc6 bxc6 28. Ne5 Rfc8 29. Rec1 Nd5 30. Nc4 Nc3 31. Rb2 Na2 32. Rxa2 Rxa2 33. Nd6 Rca8 34. Rxc6 Ra1+ 35. Kh2 Rd1 36. g3 h5 37. Ne4 h4 38. gxh4 Be5+ 39. Kg2 Kg7 40. Be3 Ra4 41. Ng5 Rxh4 42. Nf3 Rh5 43. Rc5 Bf6 44. Rc7 Ra5 45. h4 Rad5 46. Ng5 Rd7 47. Rc4 Rb1 48. Ra4 Rdb7 49. Ra8 R1b4 50. Bc5 Rb8 51. Ra7 R4b7 52. Ra2 Rb5 53. Be3 Rb4 54. Kg3 Be5+ 55. Kg2 R8b7 56. Kh3 Rb1 57. Kg2 Ra1 58. Rc2 Ra4 59. Rc8 Rc7 ({Less strong is} 59... Rxh4 60. Nf3 $15) 60. Re8 Bf6 61. Ne4 Bxh4 62. Bf4 Rcc4 63. Be5+ f6 64. Re7+ Kf8 65. Bd6 Kg8 66. Re8+ Kh7 67. Re7+ Kh6 68. f3 Ra6 69. Rf7 Rxe4 70. Bf8+ Kg5 71. fxe4 Kf4 72. Kh3 $19 Bf2 73. Re7 Bd4 74. Bg7 Be5 75. Kh4 Ra2 76. Kh3 Kf3 77. Rxe5 fxe5 78. Bxe5 Ra5 0-1

[Event "EYCC Girls U16 2018"]
[Site "Riga"]
[Date "2018.08.27"]
[Round "7"]
[White "Rudzinska, Michalina"]
[Black "Kucharska, Honorata"]
[Result "1/2-1/2"]
[ECO "C41"]
[WhiteElo "2003"]
[BlackElo "2030"]
[Annotator "NA"]
[PlyCount "50"]
[EventDate "2018.08.20"]
[EventType "swiss"]
[EventCountry "LAT"]
[SourceTitle "playchess.com"]
[Source "ChessBase"]
[SourceQuality "1"]
[TimeControl "40/5400+30:1800+30"]

1. e4 d6 2. d4 Nf6 3. Nc3 e5 4. Nf3 Nbd7 5. Bc4 Be7 6. O-O O-O 7. Re1 c6 8. a4 a5 9. h3 Nb6 {[%emt 0:00:51] C41: Philidor Defence} (9... Re8 10. Ba2 Bf8 11. Be3 Qc7 12. Ng5 Re7 13. f4 b6 14. fxe5 dxe5 15. d5 cxd5 16. exd5 {1-0 (16) Wang,H (2709)-Ivanchuk,V (2726) Huaian 2017}) 10. Ba2 Nfd7 11. Be3 exd4 12. Bxd4 Nc5 13. Bxc5 dxc5 14. Qe2 Qd6 15. Rad1 Qh6 16. Nh2 Be6 17. Bxe6 fxe6 $146 ({Predecessor:} 17... Qxe6) 18. Ng4 Qg5 19. Rd3 h5 20. Nh2 Rad8 $11 21. Red1 Rxd3 22. Rxd3 c4 23. Rd1 Bc5 24. Nf3 Qf4 25. Rd2 e5 1/2-1/2

[Event "EYCC Girls U16 2018"]
[Site "Riga"]
[Date "2018.08.27"]
[Round "7"]
[White "Nestorovic, Katarina"]
[Black "Bulatova, Kamaliya"]
[Result "0-1"]
[ECO "B90"]
[WhiteElo "1995"]
[BlackElo "2043"]
[Annotator "NA"]
[PlyCount "88"]
[EventDate "2018.08.20"]
[EventType "swiss"]
[EventCountry "LAT"]
[SourceTitle "playchess.com"]
[Source "ChessBase"]
[SourceQuality "1"]
[TimeControl "40/5400+30:1800+30"]

1. e4 c5 2. Nf3 d6 3. d4 cxd4 4. Nxd4 Nf6 $11 5. Nc3 a6 6. Nb3 e6 7. g4 b5 8. Bg2 Bb7 9. a3 Be7 10. Qe2 Nc6 11. f4 Nd7 12. g5 Nb6 13. Bd2 Rc8 14. O-O-O Nc4 15. h4 N6a5 16. Nxa5 Qxa5 17. Na2 Qb6 18. Rh3 a5 19. f5 b4 20. axb4 axb4 21. Bxb4 Qa6 22. b3 Qxa2 23. bxc4 Qa1+ 24. Kd2 Qa4 25. Rb1 Ba6 26. Ra3 Qc6 27. e5 d5 28. Bxe7 Kxe7 29. Qf2 Qxc4 30. Qa7+ Rc7 31. Qxa6 Qxc2+ 32. Ke3 d4+ 33. Kf3 Qxf5+ 34. Kg3 Qxe5+ 35. Kf2 Qf5+ 36. Rf3 Qxb1 37. Qa3+ Kd8 38. Qa8+ Rc8 39. Qa5+ Rc7 40. Qa8+ Ke7 41. Qxh8 Rc2+ 42. Kg3 Qg1 43. Qxg7 Rxg2+ 44. Kf4 Rg4+ 0-1